 Dungeon Crawl Stone Soup version 0.22-a0-284-g99d1f74 (webtiles) character file.

154 RoseArtemis the Skirmisher (level 5, -3/47 HPs)
             Began as a Minotaur Fighter on Mar 22, 2018.
             Slain by Gorglomux's ghost (15 damage)
             ... on level 3 of the Dungeon.
             The game lasted 00:04:39 (1829 turns).

RoseArtemis the Skirmisher (Minotaur Fighter)       Turns: 1829, Time: 00:04:39

Health: -3/47      AC:  7    Str: 21    XL:     5   Next: 13%
Magic:  4/4        EV:  5    Int:  6    God:
Gold:   131        SH: 16    Dex:  9    Spells: 4/4 levels left

rFire    . . .     SeeInvis .   a - +0 war axe
rCold    . . .     Gourm    .   j - +2 large shield
rNeg     . . .     Faith    .   b - +0 scale mail
rPois    .         Spirit   .   (helmet restricted)
rElec    .         Reflect  .   (no cloak)
rCorr    .         Harm     .   (no gloves)
MR       .....                  (no boots)
Stlth    ..........             (no amulet)
HPRegen  0.15/turn              (no ring)
MPRegen  0.09/turn              (no ring)

@: no status effects
A: retaliatory headbutt, horns 2
a: no special abilities


You were on level 3 of the Dungeon.
You were not hungry.

You visited 1 branch of the dungeon, and saw 3 of its levels.

You collected 131 gold pieces.

Inventory:

Hand Weapons
 a - a +0 war axe (weapon)
Missiles
 i - 2 throwing nets (quivered)
Armour
 b - a +0 scale mail (worn)
 c - a +0 shield
 j - a +2 large shield (worn)
Wands
 p - a wand of iceblast (10)
Scrolls
 e - a scroll of teleportation {unknown}
 g - 2 scrolls of remove curse
 h - a scroll of immolation {unknown}
 l - a scroll of amnesia {unknown}
 m - a scroll of blinking {unknown}
 q - a scroll of enchant weapon {unknown}
 s - a scroll of identify
Potions
 d - a potion of might
 k - 2 potions of curing
 o - a potion of flight
 r - a potion of resistance
Comestibles
 f - 7 rations
 n - 2 chunks of flesh


   Skills:
 + Level 4.7 Fighting
 + Level 3.8 Axes
 + Level 4.7 Armour
 + Level 4.7 Shields


You had 4 spell levels left.
You didn't know any spells.

Dungeon Overview and Level Annotations

Branches:
Dungeon (3/15)

Altars:
Ashenzari

Annotations:
D:2 2 transporters
D:3 Gorglomux's ghost, amateur NaFi


Innate Abilities, Weirdness & Mutations

You reflexively headbutt those who attack you in melee.
You have a pair of horns on your head.


Message History

Gorglomux's ghost is severely damaged.
You block Gorglomux's ghost's attack.
You hit Gorglomux's ghost but do no damage.
Gorglomux's ghost is severely damaged.
Gorglomux's ghost hits you. x2
* * * LOW HITPOINT WARNING * * *
Your shield and scale mail prevent you from hitting Gorglomux's ghost.
Your headbutt misses Gorglomux's ghost.
Gorglomux's ghost is severely damaged.
You block Gorglomux's ghost's attack.
You hit Gorglomux's ghost but do no damage.
Gorglomux's ghost is severely damaged.
You block Gorglomux's ghost's attack. x2
You hit Gorglomux's ghost but do no damage.
Gorglomux's ghost is severely damaged.
You block Gorglomux's ghost's attack.
You hit Gorglomux's ghost.
Gorglomux's ghost is severely damaged.
Gorglomux's ghost hits you!
You die...

#.....#
#.##...#.##
#######
##.###.##.#
##.#.##>##.##
#.###.....#.#
##.#.##.##.##
##.###.####
### #)# #.#
#@# #W#
.#.####.######
.........<...#
##.###...###.#
#.)...#
##...## ##.##
#.#


You could see Gorglomux's ghost.

Vanquished Creatures
  An orc priest (D:2)
  An orc wizard (D:2)
  4 adders (D:2)
  An ooze (D:1)
  A worm (D:2)
  A dart slug (D:2)
  2 leopard geckos
  3 orcs
  7 bats
  2 giant cockroaches
  7 hobgoblins
  5 kobolds
  5 frilled lizards
  6 goblins
  4 rats
50 creatures vanquished.

Notes
Turn   | Place    | Note
-------+----------+-------------------------------------------
     0 | D:1      | RoseArtemis the Minotaur Fighter began the quest for the Orb.
     0 | D:1      | Reached XP level 1. HP: 19/19 MP: 0/0
   142 | D:1      | Reached XP level 2. HP: 27/27 MP: 1/1
   793 | D:2      | Reached XP level 3. HP: 33/33 MP: 2/2
   863 | D:2      | Reached XP level 4. HP: 26/41 MP: 3/3
  1130 | D:2      | Found a transporter.
  1133 | D:2      | Noticed a vampire
  1196 | D:2      | Found a shattered altar of Ashenzari.
  1199 | D:2      | Found a transporter.
  1420 | D:2      | Reached XP level 5. HP: 41/47 MP: 4/4
  1805 | D:3      | Noticed Gorglomux's ghost (amateur NaFi)
  1829 | D:3      | Slain by Gorglomux's ghost

Vault maps used:
D:1:      sevenhm_arrival_forest_fort_small_3, minmay_misc_feat_plants
D:2:      gammafunk_temple_overflow_arena, first_ration,
          hangedman_decor_diamond_cutter

Skill      XL: |  1  2 |
---------------+-------+-----
Armour         | 4 |  4.7
Fighting       | 4 |  4.7
Shields        | 4 |  4.7
Axes           | 3 |  3.8

Action                   |  1- 3 |  4- 6 || total
-------------------------+-------+-------++-------
Melee: War axe           |    98 |    70 ||   168
       Headbutt          |    11 |     8 ||    19
  Use: Scroll            |     2 |     4 ||     6
  Eat: Chunk             |       |     3 ||     3
Armor: Scale mail        |    40 |    18 ||    58
Dodge: Dodged            |    20 |    10 ||    30
Block: Shield            |    17 |       ||    17
       Large shield      |    40 |    74 ||   114

Table legend:
 A = Spawn XP
 B = Non-spawn XP
 C = Spawn XP percentage of total XP
 D = Spawn monster count
 E = Non-spawn monster count
 F = Spawn count percentage of total count
 G = Total turns spent on level
                    A         B        C        D         E        F      G
               +---------+---------+-------+---------+---------+-------+---------
         Total |       0 |     220 |   0.0 |       0 |      50 |   0.0 |  1829
               +---------+---------+-------+---------+---------+-------+---------
           D:1 |       0 |      31 |   0.0 |       0 |      16 |   0.0 |   731
           D:2 |       0 |     182 |   0.0 |       0 |      29 |   0.0 |   743
           D:3 |       0 |       7 |   0.0 |       0 |       5 |   0.0 |   355
               +---------+---------+-------+---------+---------+-------+---------
